cohdb
Replays
Latest Replays
All Replays
Popular Replays
Top Player Replays
Match Explorer
How It Works
Community
CoH3 Stats
Reddit
Sign in to upload your games and track your stats! →
Sign in with Steam
Match 36528801
Unlisted
Match 36528801
Overview
Messages
Build Orders
End
Panzergrenadier Squad
Panzerpioneer Squad
Selects Italian Infantry
Panzergrenadier Squad
Panzergrenadier Squad
Construct Light Support Kompanie
2.5-tonne Medical Truck
Fire Support Elements
Selects Guastatori Squad
Panzerjäger Mechanized Group
Veteran Squad Leaders
Construct Panzerarmee Kommand
Selects Registered Artillery
Selects Towed Cannone da 105/28 Field Howitzer
Towed Cannone da 105/28 Field Howitzer
Panzergrenadier Squad
Emergency Repair Kits
Selects Defensive Operations
Panzergrenadier Squad
Rapid Advance
Herr Blautier
DibbeTC
0
0
Comments
sign in to comment!
No comments posted yet!